Map: [ESL] Alcyone

Players

Serral

  • Race: Zerg Zerg
  • Spawn Location: 1:00

Clem - Winner!

  • Race: Terran Terran
  • Spawn Location: 7:00

Event: ESL SC2 Masters 2023 Winter (Finals)

VOD

Have the link to the VOD?

Description

Time

  • Played on: Dec. 17, 2023, 4:29 p.m.
  • Length: 36:33

All games in this series

Show
View Real Time Build Order
Export as new Build Order

Serral Zerg 

Build Orders: Hatch First, Lurkers 

Get SALT Encoding   

  12  0:00  Drone  
  13  0:11  Overlord  
  13  0:16  Drone  
  14  0:30  Drone x2  
  16  0:48  Hatchery  
  15  0:51  Drone  
  15  0:55  Drone  
  17  0:57  Drone  
  18  1:10  Extractor  
  17  1:13  Spawning Pool  
  17  1:16  Drone  
  17  1:19  Drone  
  18  1:27  Drone  
  19  1:37  Drone  
  20  1:48  Overlord  
  20  1:59  Queen x2  
  20  2:00  Zergling x4  
  26  2:11  Drone x2, Metabolic Boost  
  28  2:20  Drone  
  28  2:21  Drone  
  30  2:33  Drone x2  
  32  2:39  Queen  
  32  2:42  Overlord  
  32  2:43  Drone  
  35  2:54  Hatchery  
  35  2:56  Drone x2  
  36  3:05  Overlord  
  36  3:08  Drone x4  
  36  3:12  Drone x2  
  42  3:14  Drone  
  43  3:22  Overlord  
  43  3:24  Queen  
  45  3:29  Queen  
  47  3:35  Drone  
  47  3:38  Zergling x2  
  47  3:39  Overlord  
  47  3:40  Drone x3  
  52  3:44  Drone x2  
  52  3:47  Overlord  
  54  3:51  Zergling x4  
  54  3:53  Drone  
  57  4:00  Drone  
  57  4:01  Roach Warren  
  57  4:04  Queen  
  57  4:05  Zergling x2  
  57  4:06  Extractor  
  60  4:12  Queen  
  60  4:13  Drone x3  
  65  4:17  Drone x3  
  65  4:19  Overlord  
  65  4:23  Overlord  
  69  4:24  Zergling x2  
  69  4:26  Drone  
  69  4:27  Drone  
  69  4:28  Drone  
  72  4:32  Drone  
  72  4:36  Lair  
  72  4:38  Drone x2  
  75  4:39  Overlord  
  75  4:45  Extractor  
  74  4:49  Roach  
  74  4:50  Roach x2  
  74  4:51  Spore Crawler  
  79  4:54  Spore Crawler x2  
  79  4:59  Drone x2  
  79  5:00  Drone  
  79  5:02  Drone x2  
  79  5:03  Hatchery  
  79  5:05  Drone x2  
  83  5:08  Drone x3  
  83  5:13  Drone x3  
  90  5:14  Drone x2  
  90  5:20  Drone, Overlord  
  92  5:21  Drone  
  92  5:24  Overlord  
  92  5:26  Extractor x2  
  92  5:27  Drone x2  
  93  5:28  Evolution Chamber  
  93  5:29  Zergling x2, Evolution Chamber  
  93  5:30  Extractor x2  
  93  5:32  Overlord  
  93  5:34  Drone  
  91  5:36  Overseer  
  91  5:37  Drone, Glial Reconstitution  
  91  5:42  Drone  
  93  5:45  Drone  
  93  5:47  Drone  
  93  5:48  Drone x3  
  98  5:55  Drone  
  96  5:58  Infestation Pit, Drone x6  
  96  6:00  Drone  
  96  6:02  Drone  
  102  6:05  Zerg Ground Armor Level 1  
  102  6:07  Drone x2  
  104  6:15  Roach  
  104  6:16  Roach  
  104  6:18  Zerg Missile Weapons Level 1  
  108  6:19  Queen  
  108  6:21  Roach x2  
  108  6:22  Extractor x2, Spore Crawler  
  111  6:27  Roach x2  
  111  6:30  Drone x2  
  111  6:31  Drone x2, Hydralisk Den  
  111  6:32  Overlord  
  118  6:33  Roach x3  
  118  6:34  Roach  
  126  6:40  Zergling x2  
  126  6:44  Hive  
  126  6:45  Overlord x4  
  127  6:47  Overlord  
  127  6:53  Drone x2  
  129  6:56  Drone  
  129  6:58  Drone x5  
  129  7:01  Overlord  
  135  7:03  Zergling x2  
  135  7:04  Zergling x8  
  135  7:05  Overseer  
  135  7:07  Ravager x3  
  143  7:12  Roach x4  
  149  7:18  Lurker Den  
  149  7:19  Overlord  
  149  7:22  Overlord  
  148  7:23  Zergling x4  
  148  7:32  Zergling x16  
  156  7:46  Hydralisk x3  
  156  7:47  Hydralisk x2  
  156  7:48  Roach  
  156  7:49  Roach x2, Hatchery  
  171  7:57  Overlord x2  
  167  8:00  Viper x2  
  167  8:03  Zerg Ground Armor Level 2  
  173  8:10  Zergling x20  
  183  8:15  Lurker x2  
  183  8:16  Seismic Spines  
  183  8:18  Lurker x2  
  186  8:23  Zergling x24  
  192  8:32  Zerg Missile Weapons Level 2  
  181  8:44  Lurker  
  178  8:49  Hydralisk x2  
  178  8:50  Hydralisk x7  
  182  9:09  Hydralisk, Grooved Spines  
  182  9:10  Hydralisk x2  
  182  9:12  Pneumatized Carapace  
  182  9:13  Adaptive Talons  
  188  9:21  Drone x5  
  194  9:31  Drone x2  
  194  9:33  Extractor x2  
  194  9:34  Overseer  
  193  9:40  Overlord x2  
  193  9:41  Overlord  
  193  9:43  Spore Crawler  
  193  9:44  Adrenal Glands  
  192  9:46  Lurker x5, Baneling Nest, Hatchery  
  192  9:48  Zergling x10  
  194  9:59  Hydralisk x3  
  193  10:07  Lurker x4  
  179  10:15  Hatchery  
  179  10:17  Zergling x24  
  179  10:18  Lurker x3  
  179  10:25  Hydralisk x4  
  179  10:26  Zergling x28  
  198  10:31  Overseer  
  189  10:38  Hydralisk x4  
  195  10:49  Zerg Melee Weapons Level 1, Zerg Ground Armor Level 3  
  194  10:50  Lurker, Centrifugal Hooks  
  195  11:00  Overseer  
  195  11:07  Hydralisk x2  
  195  11:08  Zergling x2  
  200  11:19  Nydus Network  
  199  11:28  Drone  
  200  11:39  Hatchery  
  197  11:49  Infestor  
  197  11:50  Burrow  
  197  11:53  Extractor, Hatchery  
  197  11:55  Baneling x8  
  197  11:56  Baneling  
  197  11:59  Overseer  
  197  12:04  Overlord  
  197  12:05  Overseer  
  197  12:08  Drone  
  197  12:09  Spore Crawler  
  197  12:10  Drone  
  197  12:11  Drone x2  
  197  12:13  Baneling x10  
  200  12:22  Muscular Augments  
  192  12:30  Zergling x16  
  199  12:47  Nydus Canal  
  197  12:52  Zergling x4  
  197  12:53  Zergling x10  
  197  12:59  Zergling x4  
  199  13:05  Zerg Melee Weapons Level 2  
  191  13:15  Zergling x2  
  191  13:16  Zergling x24  
  191  13:19  Nydus Canal  
  200  13:21  Baneling x4  
  200  13:25  Spire  
  200  13:26  Zerg Missile Weapons Level 3  
  199  13:40  Drone, Spore Crawler  
  199  13:41  Drone  
  200  13:43  Unknown  
  199  13:50  Overseer  
  199  13:51  Nydus Canal  
  199  14:00  Zergling x8  
  194  14:06  Nydus Canal  
  192  14:14  Zergling x2  
  192  14:15  Zergling x36  
  199  14:20  Zergling x36  
  186  14:27  Zergling x36  
  198  14:31  Nydus Canal  
  198  14:34  Baneling x14  
  198  14:37  Zerg Flyer Weapons Level 1  
  198  14:43  Baneling x19  
  198  14:45  Overseer, Overlord x3  
  198  14:48  Overlord  
  198  14:50  Overlord  
  198  15:04  Drone  
  199  15:08  Baneling x8  
  199  15:13  Nydus Canal  
  197  15:20  Zergling x30  
  197  15:21  Zergling x16  
  188  15:24  Hydralisk x2  
  188  15:25  Zergling x14, Hydralisk x3  
  186  15:30  Viper  
  186  15:31  Viper x2  
  186  15:34  Zergling x4  
  196  15:37  Infestor  
  196  15:41  Baneling x12  
  198  15:46  Zergling x4  
  199  15:51  Nydus Canal  
  199  16:11  Baneling x10  
  195  16:37  Drone x4  
  198  16:51  Greater Spire  
  198  17:00  Zergling x6  
  200  17:10  Zerg Melee Weapons Level 3  
  199  17:20  Zergling x14  
  199  17:21  Zergling x8  
  195  17:28  Zergling x16  
  195  17:29  Zergling x26  
  192  17:31  Zergling x20  
  192  17:36  Zergling x10  
  199  17:47  Nydus Canal  
  199  17:48  Baneling x13  
  199  17:49  Overseer x2  
  199  18:07  Zerg Flyer Weapons Level 2  
  199  18:08  Overseer  
  199  18:12  Neural Parasite  
  199  18:15  Baneling x16  
  199  18:45  Nydus Canal  
  194  18:50  Viper  
  194  18:53  Zergling x42  
  194  18:57  Baneling  
  194  18:58  Baneling x10  
  190  19:17  Zergling x22  
  195  19:32  Zergling x8  
  195  19:34  Nydus Canal  
  185  19:56  Zergling x12, Hatchery  
  185  19:57  Zergling x20  
  172  20:03  Corruptor x11  
  172  20:04  Corruptor  
  172  20:05  Zergling x28  
  172  20:06  Zergling x38  
  198  20:10  Overseer x2  
  198  20:12  Nydus Canal  
  198  20:13  Baneling x6  
  197  20:23  Zerg Flyer Armor Level 1  
  188  20:38  Overlord x3  
  188  20:39  Overlord  
  182  20:46  Overlord  
  179  20:53  Overlord x2  
  179  20:54  Overlord  
  179  20:55  Overlord  
  174  21:03  Corruptor x10  
  185  21:07  Infestor  
  183  21:13  Zergling x12  
  183  21:14  Zergling x26  
  183  21:17  Baneling x9  
  199  21:29  Baneling x5  
  199  21:33  Hatchery  
  199  21:35  Zergling x4  
  172  21:47  Zergling x2  
  172  21:48  Zergling x32  
  164  21:56  Zergling x6  
  164  22:01  Corruptor x6  
  132  22:08  Ultralisk Cavern, Corruptor  
  128  22:09  Baneling x7  
  128  22:10  Overseer, Baneling x8  
  128  22:12  Corruptor x5  
  140  22:26  Corruptor x3  
  140  22:27  Infestor  
  148  22:31  Zergling x12  
  148  22:32  Zergling x2  
  148  22:35  Baneling x5  
  149  22:44  Zergling x12  
  149  22:47  Drone x3  
  159  22:58  Chitinous Plating  
  158  22:59  Infestor x2  
  158  23:01  Viper  
  158  23:02  Viper  
  158  23:04  Ultralisk x2  
  158  23:05  Zergling x16, Ultralisk x2  
  200  23:18  Overseer  
  200  23:26  Infestor  
  199  23:51  Drone  
  190  24:04  Zergling x18  
  193  24:14  Zergling x30  
  193  24:15  Zergling x2  
  190  24:17  Infestor, Anabolic Synthesis  
  187  24:26  Zergling x20  
  187  24:27  Zergling x18  
  196  24:39  Zergling x2  
  196  24:40  Zergling x10  
  196  24:52  Zergling x26, Ultralisk x3  
  200  24:59  Corruptor  
  189  25:00  Corruptor x5  
  189  25:03  Corruptor x3  
  182  25:08  Overlord, Corruptor x3  
  182  25:11  Infestor x3  
  182  25:13  Overseer x2, Baneling x4  
  187  25:14  Overseer  
  187  25:22  Zergling x22  
  189  25:35  Overseer  
  189  25:36  Infestor  
  189  25:38  Drone x3, Extractor  
  189  25:39  Extractor  
  189  25:41  Zergling x10, Ultralisk  
  199  25:44  Overseer  
  199  25:49  Unknown  
  198  26:01  Zergling x40  
  195  26:08  Ultralisk  
  195  26:09  Zergling x8, Ultralisk  
  183  26:14  Corruptor x3  
  183  26:18  Zergling x12  
  183  26:21  Baneling x5  
  183  26:23  Baneling x3  
  183  26:24  Zergling x12  
  183  26:25  Infestor  
  187  26:30  Overseer, Overlord  
  187  26:37  Zergling x12  
  193  26:41  Overlord  
  193  26:49  Corruptor x2  
  189  27:05  Corruptor x3  
  161  27:15  Infestor  
  147  27:17  Infestor x2  
  147  27:18  Zergling x12  
  147  27:19  Zergling x20  
  150  27:25  Zergling x2  
  150  27:26  Zergling x8  
  152  27:33  Overseer  
  152  27:36  Baneling x5  
  152  27:37  Baneling  
  150  27:45  Zergling x22  
  151  28:09  Zergling x32  
  135  28:31  Overseer  
  135  28:32  Zergling x16  
  143  28:43  Zergling x10  
  145  29:00  Baneling x3  
  145  29:01  Zergling x14, Baneling  
  152  29:09  Baneling  
  152  29:10  Baneling x5  
  152  29:20  Spore Crawler  
  152  29:22  Drone x2  
  136  29:32  Zergling x16  
  136  29:36  Zergling x4  
  130  29:39  Infestor  
  130  29:53  Zergling x16  
  137  30:06  Zergling x12  
  131  30:20  Infestor  
  125  30:25  Zergling x16  
  107  30:34  Zergling x8  
  102  31:02  Zergling x10, Hatchery  
  87  31:09  Infestor  
  87  31:17  Infestor  
  89  31:21  Infestor  
  91  31:37  Ultralisk  
  97  31:52  Drone x2  
  97  31:53  Drone  
  97  31:54  Drone  
  101  31:55  Ultralisk  
  107  32:02  Overseer  
  107  32:09  Infestor  
  107  32:13  Zergling x14  
  112  32:27  Infestor x2  
  112  32:33  Overseer  
  112  32:34  Ultralisk  
  117  32:58  Zergling x4, Ultralisk  
  124  33:14  Zergling x2, Ultralisk  
  130  33:22  Drone x3  
  129  33:29  Zergling x4  
  131  33:35  Baneling x2  
  131  33:36  Baneling x4  
  127  33:41  Zergling x2  
  127  33:42  Zergling x4  
  127  33:44  Infestor x2  
  127  33:48  Zergling x4  
  132  34:01  Zergling x2  
  132  34:02  Zergling x12  
  139  34:16  Zergling x12  
  145  34:31  Zergling x12  
  150  34:41  Infestor x2  
  150  34:52  Zergling x2  
  150  34:53  Zergling x10  
  152  35:06  Zergling x12  
  101  35:16  Zergling x8  
  102  35:25  Zergling x4  
  98  35:32  Baneling x4  
  94  35:39  Zergling x4  
  92  35:47  Infestor  
  92  35:51  Zergling x4  
  92  35:52  Zergling x2  
  95  36:05  Zergling x6  
Show
View Real Time Build Order
Export as new Build Order

Clem Terran - Winner!

Build Orders: Reaper Expand, Hellion Banshee 

Get SALT Encoding   

  12  0:00  SCV  
  13  0:12  SCV  
  14  0:16  Supply Depot  
  14  0:24  SCV  
  15  0:38  SCV  
  15  0:40  Barracks  
  16  0:43  Refinery  
  16  0:50  SCV  
  17  1:02  SCV  
  18  1:14  SCV  
  19  1:27  Orbital Command, Reaper  
  20  1:39  Command Center  
  20  1:47  Supply Depot  
  20  1:52  SCV  
  21  1:58  Marine  
  22  2:04  SCV  
  23  2:12  Factory  
  23  2:16  SCV  
  23  2:19  Barracks Reactor  
  24  2:28  SCV  
  25  2:40  Command Center, SCV  
  26  2:52  Orbital Command  
  26  2:53  SCV  
  27  3:00  Starport  
  27  3:08  SCV  
  27  3:10  Refinery  
  27  3:12  Hellion  
  30  3:16  Hellion  
  30  3:18  SCV  
  33  3:20  SCV  
  33  3:23  Barracks Tech Lab  
  34  3:30  SCV  
  34  3:32  SCV  
  36  3:36  Hellion  
  36  3:38  Hellion  
  40  3:42  SCV  
  40  3:44  SCV  
  40  3:46  Banshee  
  45  3:52  Orbital Command  
  45  3:54  SCV  
  46  3:56  SCV, Marine  
  46  3:58  Cloaking Field  
  46  4:02  Hellion  
  50  4:04  Hellion  
  50  4:08  SCV x2  
  54  4:15  Barracks Tech Lab  
  54  4:16  Supply Depot  
  54  4:17  SCV  
  54  4:20  SCV x2  
  57  4:29  Banshee, SCV  
  61  4:33  Barracks  
  61  4:37  Barracks  
  61  4:38  Factory Reactor, SCV  
  62  4:40  Marine, Supply Depot, Refinery  
  63  4:47  SCV  
  63  4:48  Stimpack, SCV  
  65  4:53  SCV, Refinery  
  65  4:57  Marine  
  65  4:59  SCV, Engineering Bay  
  68  5:00  SCV, Engineering Bay  
  68  5:05  SCV  
  70  5:08  Supply Depot  
  70  5:11  SCV  
  70  5:12  SCV, Supply Depot  
  72  5:15  Marine  
  72  5:17  SCV  
  73  5:23  SCV  
  73  5:24  Orbital Command  
  73  5:26  Siege Tank  
  77  5:29  Starport Reactor  
  77  5:30  SCV  
  77  5:31  Barracks  
  77  5:32  Barracks, Marine  
  77  5:33  Marine x2  
  81  5:36  Terran Infantry Weapons Level 1  
  81  5:37  SCV  
  81  5:38  Terran Infantry Armor Level 1  
  81  5:42  SCV, Marine  
  84  5:43  Marine  
  84  5:49  SCV  
  86  5:50  Marine  
  86  5:51  Marine  
  86  5:52  Marine  
  86  5:54  SCV x2  
  83  5:58  Siege Tank  
  83  5:59  Marine  
  83  6:01  SCV, Marine  
  87  6:06  SCV x2, Medivac x2  
  87  6:08  Supply Depot  
  93  6:11  Supply Depot  
  93  6:12  Supply Depot  
  93  6:15  SCV, Marine  
  93  6:17  Marine x2  
  93  6:18  SCV x2  
  99  6:21  Supply Depot, Refinery  
  99  6:22  Refinery  
  99  6:25  Barracks Reactor x2  
  99  6:26  Marine  
  99  6:27  SCV  
  99  6:31  SCV  
  99  6:32  Marine  
  102  6:34  Siege Tank  
  102  6:38  Factory, SCV  
  102  6:39  Marine  
  109  6:40  SCV  
  109  6:41  Marine  
  109  6:42  Marine  
  109  6:43  SCV  
  109  6:44  Marine  
  113  6:50  Supply Depot, Marine  
  113  6:54  Armory  
  115  6:57  Marine  
  115  6:59  Command Center  
  115  7:02  Marine  
  115  7:04  Marine  
  115  7:05  Combat Shield, Marine x4  
  115  7:07  Marine  
  122  7:10  Siege Tank  
  122  7:11  Marine  
  123  7:16  Marine  
  123  7:19  Medivac x2  
  123  7:21  Marine  
  123  7:22  Supply Depot, Marine  
  130  7:23  Supply Depot, Marine  
  130  7:25  Marine  
  130  7:26  Marine  
  130  7:27  Factory Tech Lab  
  133  7:30  Marine  
  133  7:32  Marauder, Marine, Supply Depot  
  133  7:34  Marine  
  138  7:38  Marine  
  138  7:40  Supply Depot  
  138  7:45  Marine  
  138  7:48  Siege Tank x2  
  138  7:49  Marine x3  
  148  7:52  Supply Depot  
  148  7:56  Terran Infantry Armor Level 2  
  148  7:57  Marine  
  149  8:00  Marine x4  
  149  8:03  Marine  
  154  8:05  Supply Depot  
  154  8:07  Marine x2  
  154  8:08  Medivac x2  
  159  8:13  Marine  
  159  8:15  Marine, SCV  
  159  8:18  SCV x2  
  155  8:21  Marine  
  151  8:30  Siege Tank, Marine x6  
  151  8:32  SCV  
  151  8:34  SCV  
  162  8:35  Marine  
  162  8:38  Medivac  
  162  8:40  Siege Tank, Marine x2  
  164  8:42  SCV  
  164  8:44  Terran Infantry Weapons Level 2  
  164  8:48  Marine  
  161  8:56  Marine  
  161  8:57  Marauder  
  161  8:58  SCV  
  161  8:59  SCV  
  161  9:00  SCV  
  163  9:02  Planetary Fortress  
  163  9:03  Barracks Tech Lab  
  163  9:05  Viking  
  163  9:08  Viking, Siege Tank  
  169  9:10  SCV  
  169  9:11  SCV  
  169  9:12  SCV  
  172  9:19  Marauder  
  172  9:22  SCV  
  172  9:23  SCV, Ghost Academy  
  176  9:24  SCV  
  176  9:26  Barracks  
  177  9:31  Siege Tank  
  177  9:32  Marauder  
  177  9:34  SCV  
  177  9:35  SCV  
  177  9:36  Barracks  
  177  9:38  Concussive Shells  
  184  9:39  SCV  
  184  9:43  Terran Vehicle Weapons Level 1  
  185  9:47  Viking  
  185  9:48  Sensor Tower  
  185  9:50  Viking  
  189  9:54  Ghost  
  186  10:01  Refinery x2  
  186  10:03  Missile Turret  
  186  10:05  Command Center  
  186  10:09  SCV  
  186  10:10  SCV  
  186  10:11  Missile Turret, SCV x2  
  186  10:13  Siege Tank, Marine  
  188  10:21  SCV  
  188  10:22  Viking, SCV  
  188  10:23  Liberator  
  188  10:24  Barracks Tech Lab  
  188  10:25  Barracks Tech Lab  
  188  10:26  Barracks  
  194  10:29  SCV  
  184  10:36  Siege Tank  
  184  10:40  Command Center  
  187  10:47  Command Center  
  187  10:54  Siege Tank, Sensor Tower  
  190  10:58  Terran Infantry Armor Level 3  
  190  11:05  Command Center, Terran Infantry Weapons Level 3  
  190  11:08  Siege Tank  
  193  11:14  Ghost, Barracks Tech Lab  
  193  11:15  Missile Turret  
  193  11:17  Viking  
  195  11:25  Orbital Command  
  195  11:35  Missile Turret  
  195  11:36  Ghost x2, Sensor Tower  
  199  11:40  Starport  
  199  11:45  Fusion Core  
  199  11:51  Command Center  
  199  11:52  Planetary Fortress  
  199  11:53  Command Center  
  199  11:55  Command Center  
  199  12:01  Missile Turret  
  199  12:13  Starport  
  199  12:20  Command Center  
  198  12:29  Ghost  
  199  12:30  Starport Reactor  
  199  12:32  Terran Vehicle Weapons Level 2  
  199  12:34  Advanced Ballistics  
  199  12:35  Armory  
  197  12:38  Planetary Fortress  
  197  12:42  Command Center  
  197  12:43  Orbital Command  
  197  12:46  Command Center  
  197  12:55  Marauder  
  197  12:57  Liberator x2  
  200  13:07  Starport Reactor  
  200  13:10  Ghost  
  200  13:12  Orbital Command  
  199  13:15  Siege Tank  
  199  13:21  Refinery  
  199  13:22  Refinery  
  199  13:24  Sensor Tower, Missile Turret  
  199  13:27  Missile Turret  
  199  13:30  Terran Vehicle And Ship Armor Level 1  
  199  13:38  Orbital Command x2, Command Center  
  193  14:05  Liberator x2  
  193  14:09  Marine  
  194  14:23  Liberator x2  
  181  14:26  Siege Tank  
  181  14:30  Orbital Command, Liberator x2, Command Center  
  186  14:32  Sensor Tower  
  186  14:33  Planetary Fortress  
  186  14:48  Liberator x2  
  186  14:51  Orbital Command  
  192  14:54  Caduceus Reactor  
  192  14:57  Terran Ship Weapons Level 1  
  192  14:58  Siege Tank, Ghost  
  197  15:06  Liberator  
  200  15:11  Command Center, Missile Turret  
  200  15:13  Refinery  
  200  15:19  Siege Tank  
  200  15:20  Liberator  
  199  15:23  Liberator  
  199  15:28  SCV  
  190  15:30  SCV  
  190  15:32  SCV  
  192  15:36  Missile Turret  
  192  15:38  Command Center, Terran Vehicle And Ship Armor Level 2  
  192  15:52  Missile Turret  
  192  15:57  Planetary Fortress  
  192  16:01  Ghost, Refinery  
  194  16:08  Liberator  
  197  16:39  Sensor Tower, Missile Turret, Refinery  
  194  16:51  Siege Tank  
  194  16:53  Cyclone  
  199  16:55  Command Center  
  199  16:58  Missile Turret  
  199  17:05  Factory  
  199  17:12  Ghost  
  197  17:25  Siege Tank  
  197  17:28  SCV  
  197  17:29  Hi-Sec Auto Tracking, Neosteel Armor  
  190  17:30  SCV  
  190  17:31  SCV x2  
  190  17:32  SCV  
  190  17:33  Ghost x3  
  190  17:34  Liberator x2  
  190  17:35  Siege Tank, Ghost  
  190  17:36  Liberator x3  
  190  17:37  Liberator  
  194  17:38  SCV  
  194  17:40  Marine  
  194  17:41  SCV  
  194  17:43  Planetary Fortress, Sensor Tower  
  200  17:47  Missile Turret  
  200  17:50  Command Center  
  200  17:56  Ghost  
  199  18:01  SCV  
  199  18:05  Missile Turret  
  200  18:08  Command Center  
  200  18:11  Missile Turret  
  198  18:36  Ghost  
  199  18:45  Orbital Command  
  196  18:50  Viking x3  
  196  18:55  Orbital Command  
  199  18:59  Orbital Command  
  199  19:02  Viking  
  199  19:03  Terran Ship Weapons Level 2, Terran Vehicle And Ship Armor Level 3  
  199  19:07  Orbital Command, SCV  
  199  19:08  SCV  
  190  19:10  SCV  
  190  19:13  SCV  
  189  19:31  Personal Cloaking  
  189  19:36  Viking x2  
  193  19:49  Command Center  
  193  19:50  Missile Turret  
  193  19:52  Ghost  
  193  19:53  Siege Tank  
  193  19:56  Liberator  
  193  19:57  Siege Tank, Liberator x2  
  196  20:00  Ghost, Marine x2  
  196  20:01  Orbital Command, Marine  
  196  20:02  Marine  
  196  20:04  Ghost x2  
  196  20:05  Ghost  
  196  20:08  SCV  
  197  20:21  Ghost, Command Center  
  198  20:31  Viking  
  197  20:48  Orbital Command  
  197  20:53  Viking x2  
  197  20:54  Viking  
  197  20:55  Viking  
  198  20:57  Viking  
  198  20:59  Ghost  
  190  21:04  Viking  
  190  21:07  Widow Mine x2  
  190  21:08  Factory Reactor  
  185  21:22  Missile Turret  
  185  21:23  Viking, Sensor Tower, Missile Turret  
  185  21:24  Viking x2  
  191  21:25  Viking  
  191  21:27  Viking  
  192  21:34  Viking  
  192  21:38  Missile Turret x2  
  192  21:39  Missile Turret  
  194  21:43  Orbital Command  
  188  21:53  Viking  
  188  21:54  Viking x2  
  167  21:55  Viking  
  167  21:57  Viking  
  167  22:01  Ghost  
  158  22:04  Viking  
  158  22:06  Widow Mine  
  158  22:07  Marine x2  
  156  22:16  Widow Mine x2  
  156  22:17  Widow Mine  
  156  22:18  SCV  
  156  22:20  SCV  
  156  22:21  SCV  
  165  22:23  Viking x2, SCV  
  165  22:24  Viking, SCV  
  165  22:25  SCV  
  165  22:28  Marauder  
  176  22:30  Ghost  
  176  22:34  Ghost  
  180  22:40  Ghost  
  180  22:42  Viking  
  184  22:45  Viking  
  186  22:57  Missile Turret, SCV x4  
  186  22:58  SCV  
  191  23:01  Widow Mine  
  191  23:03  Terran Ship Weapons Level 3, Widow Mine  
  195  23:08  SCV x3  
  195  23:09  SCV  
  196  23:35  Missile Turret  
  196  23:44  Widow Mine x2  
  198  23:49  Command Center  
  198  23:51  Command Center  
  198  23:52  Command Center  
  198  23:59  Drilling Claws  
  198  24:01  Widow Mine  
  195  24:03  Refinery  
  195  24:04  Refinery  
  195  24:05  Widow Mine  
  189  24:25  Ghost  
  189  24:29  Siege Tank  
  189  24:31  Ghost  
  187  24:33  Widow Mine  
  187  24:36  Liberator x2  
  195  24:38  Liberator  
  195  24:40  Widow Mine  
  200  24:49  Widow Mine  
  200  24:50  Viking  
  188  25:00  Liberator  
  188  25:02  Liberator  
  188  25:04  Marine x2  
  190  25:19  Liberator x2  
  190  25:20  Liberator  
  200  25:21  Widow Mine  
  197  25:29  Planetary Fortress  
  197  25:32  Marine  
  195  25:48  Liberator, SCV  
  199  25:52  SCV  
  171  26:09  Liberator x2  
  171  26:10  Marine  
  152  26:17  Liberator  
  150  26:19  Widow Mine  
  152  26:28  SCV, Widow Mine  
  155  26:34  SCV  
  155  26:35  SCV  
  157  26:40  Marine  
  157  26:45  Marine  
  159  26:49  SCV  
  160  26:54  Orbital Command  
  160  26:55  Marine  
  160  26:56  SCV  
  162  27:06  Siege Tank  
  151  27:09  Orbital Command  
  119  27:16  Ghost  
  101  27:35  Widow Mine  
  105  27:37  Widow Mine  
  105  27:48  Orbital Command  
  105  27:50  Widow Mine, Marine x2  
  109  27:56  Marine x3  
  87  28:05  Widow Mine  
  64  28:28  Orbital Command  
  64  28:58  Siege Tank  
  67  29:08  Medivac  
  66  29:13  Liberator, Widow Mine x2  
  66  29:14  Orbital Command  
  66  29:16  Liberator, Marine  
  77  29:20  Widow Mine  
  73  29:28  Medivac  
  73  29:29  Marine  
  73  29:37  Missile Turret  
  68  29:41  Marine x6  
  74  29:47  Marauder x2  
  74  29:49  Marauder  
  74  29:50  Marine x2  
  82  30:04  Orbital Command  
  78  30:10  Orbital Command  
  60  30:38  SCV x4  
  60  30:40  Orbital Command, Marine x2, Widow Mine x2  
  60  30:41  Marine  
  60  30:42  SCV  
  72  30:47  SCV x3  
  64  31:06  SCV  
  65  31:26  Medivac  
  65  31:27  Marauder x2  
  65  31:28  Marine  
  65  31:29  Unknown  
  65  31:31  Marine  
  65  31:32  Marine  
  74  31:33  Marine x2  
  76  31:40  Marine  
  76  31:42  Marine  
  76  31:46  Marine x2  
  77  31:47  Marauder  
  77  31:48  Marine  
  77  31:49  Marine, Marauder  
  77  31:50  Marine  
  77  31:51  Marine  
  85  31:56  Widow Mine  
  85  31:58  Marine  
  85  31:59  Widow Mine, Marine  
  85  32:00  Marine  
  92  32:04  Marine x2  
  92  32:06  Marine  
  93  32:09  Marauder  
  93  32:10  Marauder  
  97  32:19  Widow Mine  
  99  32:23  Marauder, Marine x3  
  99  32:24  Marauder x2  
  99  32:28  Marine x3  
  111  32:30  Marauder  
  111  32:31  Marauder  
  115  32:38  Medivac  
  115  32:40  Marine  
  115  32:41  Marine  
  119  32:46  Widow Mine x2  
  119  32:47  Widow Mine  
  119  32:50  Marine  
  125  32:51  Marine  
  125  32:52  Marine x3  
  125  32:54  Marine x2  
  125  32:58  Marine x2  
  124  33:00  Marine  
  124  33:04  Marine  
  126  33:08  Medivac  
  128  33:15  Medivac  
  128  33:18  Widow Mine  
  132  33:28  Widow Mine  
  132  33:32  Marine  
  132  33:33  Marauder, Marine x2  
  138  33:34  Marine  
  135  33:57  Medivac  
  135  33:59  Widow Mine  
  135  34:01  Marauder  
  141  34:14  Marine x3  
  141  34:16  Marine x2  
  146  34:25  Ghost  
  146  34:31  Marauder, Marine  
  151  34:43  Marauder  
  153  34:53  Widow Mine  
  153  35:05  Marauder  
  119  35:10  Marauder  
  119  35:24  Widow Mine  
  121  35:58  Orbital Command  
  121  36:02  Medivac  
  121  36:03  Widow Mine  
  124  36:11  Widow Mine  
Tags
 
Add a new tag
Caveats
  • Supply blocks, unpowered buildings, or Contaminate may cause inaccurate times.
  • Supply counts are checked every 10 seconds.